 Dungeon Crawl Stone Soup version 0.27.1-3-gb3d3a73c9e (webtiles) character file.

Game seed: 8584385020315240544

2 H0rd4k the Charlatan (level 1, 0/15 HPs)
             Began as a Human Artificer on Oct 12, 2021.
             Frozen to death by an endoplasm (3 damage)
             ... on level 1 of the Dungeon.
             The game lasted 00:00:31 (144 turns).

H0rd4k the Charlatan (Human Artificer)               Turns: 144, Time: 00:00:33

Health: 0/15       AC:  3    Str: 12    XL:     1   Next: 33%
Magic:  1/1        EV: 11    Int: 11    God:
Gold:   11         SH:  0    Dex: 13    Spells: 0/0 levels left

rFire    . . .     SeeInvis .   a - +0 club
rCold    . . .     Faith    .   (no shield)
rNeg     . . .     Spirit   .   b - +0 leather armour
rPois    .         Reflect  .   (no helmet)
rElec    .         Harm     .   (no cloak)
rCorr    .         Rampage  .   (no gloves)
Will     .....                  (no boots)
Stlth    +.........             (no amulet)
HPRegen  0.05/turn              (no ring)
MPRegen  0.07/turn              (no ring)

@: no status effects
A: no striking features
a: no special abilities


You were on level 1 of the Dungeon.
You visited 1 branch of the dungeon, and saw 1 of its levels.

You collected 11 gold pieces.

Inventory:

Hand Weapons
 a - a +0 club (weapon)
Armour
 b - a +0 leather armour (worn)
Wands
 c - a wand of flame (15) (quivered)
 d - a wand of charming (13)
Scrolls
 f - a scroll of teleportation {unknown}
Potions
 g - a potion of curing {unknown}
Miscellaneous
 e - a piece from Xom's chessboard (15/15)


   Skills:
 + Level 1.0 Fighting
 - Level 2.0 Armour
 + Level 1.1 Dodging
 - Level 1.0 Stealth
 + Level 3.1 Evocations


You couldn't memorise any spells.
You didn't know any spells.
Your spell library was empty.

Dungeon Overview and Level Annotations

Branches:
Dungeon (1/15)

Altars:


Message History

You are too injured to fight recklessly!
You are too injured to fight recklessly!
A ball python and a hobgoblin come into view.
The hobgoblin shouts!
You hear an angry hiss.
The hobgoblin hits you.
* * * LOW HITPOINT WARNING * * *
An endoplasm comes into view.
A ball python comes into view.
The endoplasm moves out of view.
Aiming: Charm
Press: ? - help, Shift-Dir - straight line, f - hobgoblin
Aim: a hobgoblin (heavily wounded, chance to affect: 71%)
The hobgoblin is charmed.
Something closely misses your hobgoblin.
A kobold comes into view. It is wielding a +0 short sword.
The kobold shouts!
The endoplasm hits your hobgoblin.
Aiming: Charm
Press: ? - help, Shift-Dir - straight line, f - hobgoblin, p - hobgoblin
Aim: a hobgoblin (chance to affect: 71%)
The hobgoblin is charmed.
Your hobgoblin barely misses the endoplasm.
The endoplasm barely misses your hobgoblin.
What are your orders? t - Shout!
Orders for allies: a - Attack new target. p - Attack previous target. r - Retreat! s - Stop attacking. g - Guard the area. f - Follow me.
Anything else - Cancel.
Guard this area!
A bat comes into view.
Your hobgoblin barely misses the endoplasm.
The endoplasm hits your hobgoblin.
Your hobgoblin dies!
Your leather armour prevents you from hitting the ball python.
The ball python misses you. x2; The ball python barely misses you.
The ball python completely misses you.
Your hobgoblin completely misses the endoplasm.
The endoplasm freezes you.
You are frozen.
You die...

...........##..# ##
............##.####### .
............#.........
.................#######
.............###.#
...(.........# #.#
.....####.##[# #..
###.Kb.g#.##.# ####
......S@J....#
..J#...#S........
........#.###....
............ ##.#
............. .
..............#
...#...#...#...
.....#...#....#


You could see 2 endoplasms, a bat, 2 ball pythons, a kobold and a friendly
hobgoblin (charmed).

Vanquished Creatures
  A bat (D:1)
  A frilled lizard (D:1)
2 creatures vanquished.

Vanquished Creatures (others)
  A hobgoblin (D:1)
1 creature vanquished.

Grand Total: 3 creatures vanquished

Notes
Turn   | Place    | Note
-------+----------+-------------------------------------------
     0 | D:1      | H0rd4k the Human Artificer began the quest for the Orb.
     0 | D:1      | Reached XP level 1. HP: 15/15 MP: 1/1
   144 | D:1      | Frozen to death by an endoplasm

Illustrated notes

Levels and vault maps discovered:
D:1:      enne_arrival_octagon_isle, layout_rooms,
          shapermc_ecumenical_altar_flowoftime, minmay_misc_feat_four_crosses,
          minmay_misc_feat_chi

Action                   || total
-------------------------++-------
Melee: Club              ||    21
Evoke: Wand              ||     2
Armor: Leather armour    ||     7
Dodge: Dodged            ||    25
